cohdb
Replays
Latest Replays
All Replays
Popular Replays
Top Player Replays
Match Explorer
How It Works
Community
CoH3 Stats
Reddit
Sign in to upload your games and track your stats! →
Sign in with Steam
Match 41336059
Unlisted
Match 41336059
Overview
Messages
Build Orders
End
Engineer Squad
Construct Barracks
Riflemen Squad
1⁄4-ton 4x4 Truck
Riflemen Squad
Grenade Package
Riflemen Squad
Mechanized Support Center
M1 Mortar Team
Selects Heavy Weapons
Selects M2HB .50cal Heavy Machine Gun
Construct Motor Pool
M24 Chaffee Light Tank
Salvage Crew
Selects Assault Carriers
Selects Exchangeable Parts
M1918 Browning Automatic Rifles
Construct Medical Station
M24 Chaffee Light Tank
Riflemen Squad
AI Takeover
PapaZor
Virgile[FR]
GEORGE LITTLEHOOF
Grom
0
0
Comments
sign in to comment!
No comments posted yet!